 Dungeon Crawl Stone Soup version 0.13-a0-1804-g486adc7 (webtiles) character file.

1254 Juliette the Basher (level 8, 0/67 HPs)
             Began as a Minotaur Fighter on June 25, 2013.
             Was an Initiate of Okawaru.
             Slain by an orc warrior
             ... wielding a +0,+0 orcish scimitar
              (3 damage)
             ... on Level 6 of the Dungeon.
             The game lasted 00:26:42 (5082 turns).

Juliette the Basher (Minotaur Fighter)              Turns: 5082, Time: 00:26:42

HP   0/67        AC  8     Str 24      XL: 8   Next:  7%
MP   2/2         EV  9     Int  5      God: Okawaru [......]
Gold 185         SH  0     Dex 11      Spells:  0 memorised,  7 levels left

Res.Fire  : . . .   See Invis. : .   C - +0,+3 orc morningstar
Res.Cold  : + . .   Warding    : .   b - +0 scale mail
Life Prot.: . . .   Conserve   : .   (no shield)
Res.Poison: .       Res.Corr.  : .   (helmet restricted)
Res.Elec. : .       Clarity    : .   D - +0 cloak
Sust.Abil.: . .     Spirit.Shd : .   (no gloves)
Res.Mut.  : .       Stasis     : .   (no boots)
Res.Rott. : .       Flight     : .   l - amulet of the gourmand
Gourmand  : +                        x - ring of protection from cold {unknown}
                                     y - +2 ring of dexterity

@: slightly resistant to hostile enchantments, extremely unstealthy
A: retaliatory headbutt, horns 2
a: Renounce Religion


You were on level 6 of the Dungeon.
You worshipped Okawaru.
Okawaru was noncommittal.
You were very full.

You visited 2 branches of the dungeon, and saw 7 of its levels.

You collected 232 gold pieces.
You spent 67 gold pieces at shops.

Inventory:

Hand weapons
 a - a +1,+0 mace
 t - a +0,+1 orcish mace
 C - a +0,+3 orcish morningstar (weapon)
 H - a +0,+0 hand axe (quivered)
 J - a -1,-2 executioner's axe
 Q - a +1,+0 sling of velocity
 R - a +0,+0 sling
 T - a +0,+0 whip
 X - a +0,+1 orcish hammer
Missiles
 m - 23 sling bullets
 S - 19 silver sling bullets
Armour
 b - a +0 scale mail (worn)
 c - a +0 shield
 n - a +0 elven chain mail
 q - a +0 scale mail
 r - a cursed +0 buckler
 D - a +0 cloak (worn)
 K - a +0 large shield
 O - a +0 plate armour
Magical devices
 F - a wand of fire (2)
Comestibles
 d - 5 bread rations
 h - a pear
 w - a snozzcumber
 z - 3 meat rations
 B - 2 apples
 M - a rotting chunk of gnoll flesh
 Y - 4 chunks of orc flesh
Scrolls
 e - 4 scrolls of identify
 f - 3 scrolls of enchant armour {unknown}
 A - a scroll of fear
 E - a scroll of recharging {unknown}
 I - a scroll of immolation {unknown}
 U - a scroll of amnesia {unknown}
 V - a scroll of magic mapping
 W - a scroll of enchant weapon II {unknown}
Jewellery
 j - an uncursed ring of fire {unknown}
 l - an amulet of the gourmand (around neck)
 x - a ring of protection from cold (right hand) {unknown}
 y - a +2 ring of dexterity (left hand)
 G - an uncursed ring of wizardry
 N - an uncursed amulet of stasis {unknown}
 P - an uncursed amulet of faith
Potions
 g - 2 potions of brilliance {unknown}
 i - a potion of cure mutation {unknown}
 k - 2 potions of heal wounds {unknown}
 o - 3 potions of curing {unknown}
 p - 2 potions of poison {unknown}
 s - a potion of degeneration {unknown}
 u - a potion of flight {unknown}
 v - a potion of invisibility {unknown}
 L - a potion of slowing {unknown}


   Skills:
 - Level 4.0 Fighting
 - Level 9.1 Maces & Flails
 - Level 3.7 Armour
   Level 3.6 Shields
 * Level 5.0 Traps


You had 7 spell levels left.
You didn't know any spells.

Dungeon Overview and Level Annotations

Branches:
Dungeon (6/27)             Temple (1/1) D:5
    Orc: D:6-11

Altars:
Ashenzari
Cheibriados
Elyvilon
Fedhas
Kikubaaqudgha
Makhleb
Nemelex Xobeh
Okawaru
Sif Muna
Trog
Vehumet
Xom
Yredelemnul
Zin
the Shining One

Shops:
D:4: *


Innate Abilities, Weirdness & Mutations

You reflexively headbutt those who attack you in melee.
You have a pair of horns on your head.


Message History

You closely miss the orc warrior.
The orc warrior is moderately wounded.
The orc warrior barely misses you. You furiously retaliate!
You headbutt the orc warrior. The orc hits you but does no damage.
The orc hits you but does no damage.
You barely miss the orc warrior.
The orc warrior is moderately wounded.
The orc warrior hits you with an orcish scimitar.
* * * LOW HITPOINT WARNING * * *
The orc barely misses you.
You closely miss the orc warrior.
The orc warrior is moderately wounded.
The orc barely misses you. You furiously retaliate!
You headbutt the orc!
You kill the orc!
Okawaru accepts your kill.
The orc warrior hits you with an orcish scimitar!
* * * LOW HITPOINT WARNING * * *
The orc closely misses you. You furiously retaliate!
You headbutt the orc.
The orc warrior hits you with an orcish scimitar.
You die...

......... .(........
.......... #.........
#......... ###
#).)....... ..##
#.....$.... ...#
##oo........ ..#
#.@......... #.#
#...........
#.###.........#
#.#####>.............
#...................#
#######.###########.
#......# #.####.###
#.#......#


You could see an orc warrior and an orc.

Vanquished Creatures
  Prince Ribbit (D:4)
  The ghost of TZer0 the Cudgeler, an average DjBe of Trog (D:3)
  2 crimson imps (D:5)
  An ogre skeleton (D:6)
  A hound (D:5)
  3 orc priests
  2 iguanas
  6 scorpions
  2 worker ants
  3 gnolls (D:5)
  8 adders
  A scorpion zombie (D:6)
  4 giant mites
  An iguana skeleton (D:4)
  2 worms
  2 giant geckos (D:2)
  10 orcs
  2 ball pythons (D:2)
  11 bats
  5 giant cockroaches
  14 hobgoblins
  7 kobolds
  5 giant newts
  10 goblins
  A hobgoblin skeleton (D:5)
  12 jackals
  A kobold skeleton (D:4)
  3 quokkas
  8 rats
129 creatures vanquished.

Vanquished Creatures (others)
  A kobold (D:4)
1 creature vanquished.

Grand Total: 130 creatures vanquished

Notes
Turn   | Place    | Note
--------------------------------------------------------------
     0 | D:1      | Juliette, the Minotaur Fighter, began the quest for the Orb.
     0 | D:1      | Reached XP level 1. HP: 19/19 MP: 0/0
   140 | D:1      | Reached skill level 4 in Fighting
   534 | D:1      | Reached XP level 2. HP: 27/27 MP: 0/0
  1194 | D:2      | Reached XP level 3. HP: 33/33 MP: 1/1
  1197 | D:2      | Found a shimmering altar of Xom.
  1757 | D:3      | Reached XP level 4. HP: 20/40 MP: 1/1
  1818 | D:3      | Reached skill level 5 in Maces & Flails
  2016 | D:3      | Noticed TZer0's ghost (average DjBe)
  2032 | D:3      | Killed TZer0's ghost
  2032 | D:3      | Reached skill level 6 in Maces & Flails
  2032 | D:3      | Reached XP level 5. HP: 6/46 MP: 1/1
  2389 | D:3      | Reached skill level 7 in Maces & Flails
  2788 | D:4      | Found Doirch's Assorted Antiques.
  2797 | D:4      | Bought a glowing orcish morningstar for 67 gold pieces
  2831 | D:4      | Reached XP level 6. HP: 28/53 MP: 2/2
  3273 | D:4      | Noticed Prince Ribbit
  3304 | D:4      | Killed Prince Ribbit
  3304 | D:4      | Reached skill level 9 in Maces & Flails
  3304 | D:4      | Reached XP level 7. HP: 20/59 MP: 2/2
  3615 | D:4      | Reached skill level 1 in Traps
  4262 | D:5      | Entered Level 5 of the Dungeon
  4301 | D:5      | Found a burning altar of Makhleb.
  4547 | D:5      | Found a staircase to the Ecumenical Temple.
  4559 | Temple   | Entered the Ecumenical Temple
  4575 | Temple   | Became a worshipper of Warmaster Okawaru
  5012 | D:6      | Reached XP level 8. HP: 43/67 MP: 2/2
  5077 | D:6      | Reached skill level 5 in Traps
  5080 | D:6      | HP: 3/67 [orc warrior/orcish scimitar (14)]
  5082 | D:6      | Slain by an orc warrior

Action                   |  1- 3 |  4- 6 |  7- 9 || total
-------------------------+-------+-------+-------++-------
Melee: Mace              |    89 |   123 |    36 ||   248
       Morningstar       |       |       |    73 ||    73
  Use: Scroll            |       |    12 |       ||    12
